 Dungeon Crawl Stone Soup version 0.20.1-1-g8b1a95d (webtiles) character file.

196 slep the Skirmisher (level 5, 0/41 HPs)
             Began as a Demonspawn Fighter on Oct 28, 2017.
             Succumbed to an adder's poison
             ... on level 3 of the Dungeon.
             The game lasted 00:11:31 (1922 turns).

slep the Skirmisher (Demonspawn Fighter)            Turns: 1922, Time: 00:11:31

Health: 0/41       AC:  6    Str: 18    XL:     5   Next: 45%
Magic:  5/5        EV:  7    Int:  9    God:
Gold:   146        SH: 13    Dex: 12    Spells: 4/4 levels left

rFire    + + .     SeeInvis .   a - +0 long sword
rCold    + . .     Gourm    .   c - +0 shield
rNeg     . . .     Faith    .   b - +0 scale mail
rPois    .         Spirit   .   (no helmet)
rElec    .         Reflect  .   m - scarf {rC+ rF+}
rCorr    .         Harm     .   (no gloves)
MR       .....                  (no boots)
Stlth    ..........             (no amulet)
Regen    0.2/turn               (no ring)
MPRegen  0.1/turn               (no ring)

@: lethally poisoned (0 -> -5)
A: large bone plates 1, fire resistance 1
a: no special abilities


You were on level 3 of the Dungeon.
You were not hungry.

You visited 1 branch of the dungeon, and saw 3 of its levels.

You collected 146 gold pieces.

Inventory:

Hand Weapons
 a - a +0 long sword (weapon)
Missiles
 r - 4 tomahawks (quivered)
Armour
 b - a +0 scale mail (worn)
 c - a +0 shield (worn)
 m - a scarf of resistance (worn)
Scrolls
 e - 8 scrolls of identify {unknown}
 i - a scroll of noise {unknown}
 n - a scroll of teleportation {unknown}
 o - 2 scrolls of remove curse {unknown}
Comestibles
 f - 4 bread rations
 g - 2 royal jellies
 k - a fruit
 p - 3 meat rations
 q - 14 chunks of flesh


   Skills:
 + Level 3.6 Fighting
 + Level 3.3 Long Blades
 + Level 3.3 Armour
 + Level 0.8 Dodging
 + Level 0.2 Stealth
 + Level 3.6 Shields


You had 4 spell levels left.
You didn't know any spells.

Dungeon Overview and Level Annotations

Branches:
Dungeon (3/15)

Altars:


Innate Abilities, Weirdness & Mutations

You are partially covered in large bone plates. (SH +4)
Your flesh is heat resistant. (rF+)


Message History

* * * LOW HITPOINT WARNING * * *
You feel sick. You block the adder's attack. You block the quokka's attack.
The adder barely misses you.
The quokka bites you but does no damage.
You barely miss the adder.
The adder is almost dead.
* * * LOW HITPOINT WARNING * * *
You feel sick. You block the adder's attack.
The quokka bites you but does no damage.
You block the adder's attack.
The quokka bites you but does no damage.
You barely miss the adder.
The adder is almost dead.
* * * LOW HITPOINT WARNING * * *
You feel sick. You block the adder's attack. You block the quokka's attack.
You block the adder's attack.
You aren't carrying any potions.
As you read the scroll labeled QOCWICLILA, it crumbles to dust.
You feel aware of your surroundings.
It was a scroll of magic mapping.
You die...

****,,,,,*
*,##.#*,..##.#...#.### *******
*,,....,..##.#...#.### *
#,###.###.##.#...#.... *
#!#.....#.##.#...#.### *****
****##.#.....#.##.#...#.###
,,,,*
*,,,..............รท.).....#
***,*
*,****.#...>.#..#######.#.# *
*,***,**,,,#(....#..# ##......
* *,,,,,,,,*,###@###.##
#....... *
*****,***#$..Sr....#####..##..#
*,,.......#######.........(
***#######* #####.##..#.#(#
#...#.##..#.#(# #..............
#...#.##.##.### ##.##.....))#
#.###.....##


You could see an adder and a quokka.

Vanquished Creatures
  An orc wizard (D:3)
  Terence (D:3)
  3 gnolls (D:3)
  4 adders
  An ooze (D:1)
  A dart slug (D:2)
  A worm (D:2)
  4 leopard geckos
  6 orcs (D:3)
  5 bats
  2 giant cockroaches
  4 goblins
  7 hobgoblins
  7 jackals
  2 quokkas (D:3)
  3 ball pythons
  A frilled lizard (D:3)
  7 kobolds (D:3)
  8 rats
68 creatures vanquished.

Notes
Turn   | Place    | Note
-------+----------+-------------------------------------------
     0 | D:1      | slep the Demonspawn Fighter began the quest for the Orb.
     0 | D:1      | Reached XP level 1. HP: 18/18 MP: 1/1
   169 | D:1      | Gained mutation: Your flesh is heat resistant. (rF+) [demonic ancestry]
   169 | D:1      | Reached XP level 2. HP: 24/24 MP: 2/2
   691 | D:2      | Reached XP level 3. HP: 10/29 MP: 3/3
  1455 | D:3      | Gained mutation: You are partially covered in large bone plates. (SH +4) [demonic ancestry]
  1455 | D:3      | Reached XP level 4. HP: 16/35 MP: 4/4
  1610 | D:3      | Noticed Terence
  1660 | D:3      | Killed Terence
  1798 | D:3      | Reached XP level 5. HP: 24/41 MP: 5/5
  1920 | D:3      | HP: 2/41 [poisoned by an adder]
  1922 | D:3      | Succumbed to an adder's poison

Skill      XL: |  1  2  3  4  5 |
---------------+----------------+-----
Shields        | 3 |  3.6
Long Blades    | 2 3 |  3.3
Armour         | 3 |  3.3
Fighting       | |  3.6
Dodging        | |  0.8
Stealth        | |  0.2

Action                   |  1- 3 |  4- 6 || total
-------------------------+-------+-------++-------
Melee: Long sword        |   122 |   148 ||   270
Throw: Tomahawk          |       |     1 ||     1
  Use: Potion            |       |     5 ||     5
       Scroll            |       |     1 ||     1
  Eat: Chunk             |     2 |     2 ||     4
Armor: Scale mail        |    48 |    36 ||    84
Dodge: Dodged            |    43 |    36 ||    79
Block: Shield            |    50 |   113 ||   163
       Rpst.: Long sword |    14 |    12 ||    26
